 Dungeon Crawl Stone Soup version 0.31-a0-1547-g618ab1f346 (webtiles) character file.

Game seed: 17354638043208809568

222 Flugslaktarn the Trooper (level 5, -1/50 HPs)
             Began as a Minotaur Fighter on Jan 2, 2024.
             Was an Initiate of Gozag.
             Slain by an orc
             ... wielding a +0 dagger
              (3 damage)
             ... on level 4 of the Dungeon.
             The game lasted 00:01:15 (2526 turns).

Flugslaktarn the Trooper (Minotaur Fighter)         Turns: 2526, Time: 00:01:15

Health: -1/50      AC:  7    Str: 22    XL:     5   Next: 66%
Magic:  4/4        EV:  9    Int:  5    God:    Gozag
Gold:   378        SH:  4    Dex: 10    Spells: 4/4 levels left

rFire   . . .        a - +0 war axe
rCold   . . .        c - +0 buckler
rNeg    . . .        b - +0 scale mail
rPois   .            h - +0 hat
rElec   .            (no cloak)
rCorr   .            (no gloves)
SInv    .            (no boots)
Will    .....        (no amulet) Stlth
                     (no ring)
HPRegen 0.28/turn    (no ring)
MPRegen 0.09/turn

%: no passive effects
@: gold aura
A: horns 2, retaliatory headbutt
a: Renounce Religion, Potion Petition, Call Merchant, Bribe Branch


You were on level 4 of the Dungeon.
You worshipped Gozag.
Gozag was aware of your devotion.
You visited 1 branch of the dungeon, and saw 4 of its levels.

You collected 405 gold pieces.
You paid 27 gold pieces to Gozag.

Inventory:

Hand Weapons
 a - a +0 war axe (weapon)
Armour
 b - a +0 scale mail (worn)
 c - a +0 buckler (worn)
 h - a +0 hat (worn)
   (You found it on level 1 of the Dungeon)
Jewellery
 l - a ring of wizardry
   (You found it on level 2 of the Dungeon)
 o - a ring of poison resistance
   (You found it on level 3 of the Dungeon)
Wands
 q - a wand of light (8)
   (You found it on level 3 of the Dungeon)
Scrolls
 e - a scroll of revelation {unknown}
 i - a scroll of teleportation {unknown}
 j - a scroll of poison {unknown}
 m - 6 scrolls of identify {unknown}
 n - a scroll of blinking {unknown}
 p - a scroll of silence {unknown}
 t - a scroll of vulnerability {unknown}
Potions
 d - a potion of might
 f - a potion of resistance {unknown}
 g - 3 potions of curing {unknown}
 k - a potion of haste {unknown}
 r - 2 potions of enlightenment {unknown}
 s - a potion of attraction {unknown}


   Skills:
 * Level 5.7 Fighting
 * Level 4.9 Axes
 + Level 4.7 Armour
 - Level 3.6 Shields


You had 4 spell levels left.
You didn't know any spells.
Your spell library contained the following spells:

 Spells                   Type           Power      Damage    Failure   Level
 Slow                     Hex            0%         N/A       86%         1


Dungeon Overview and Level Annotations

Branches:
Dungeon (4/15)
 Temple: D:4-7

Altars:
Gozag
Kikubaaqudgha


Innate Abilities, Weirdness & Mutations

You have a pair of horns on your head.
You reflexively headbutt those who attack you in melee.


Message History

The hound bites you. You block the hound's attack.
You closely miss the hound. Your headbutt misses the hound.
The hound is severely wounded.
The hound bites you. x2
You hit the hound but do no damage.
The hound is severely wounded.
The hound barely misses you. You furiously retaliate!
You headbutt the hound!
You kill the hound!
No target in view!
No target in view!
No target in view!
No target in view!
No target in view!
HP restored.
Found an escape hatch in the ceiling.
No target in view!
You now have 372 gold pieces (gained 3).
A hound comes into view.
The hound barks!
A hound is nearby!
A hound is nearby!
No reachable target in view!
No reachable target in view!
No reachable target in view!
No reachable target in view!
No reachable target in view!
No reachable target in view!
You closely miss the hound.
The hound bites you but does no damage. x2
You hit the hound. Your headbutt misses the hound.
The hound is lightly wounded.
The hound bites you but does no damage. The hound misses you.
You barely miss the hound.
The hound is lightly wounded.
The hound bites you but does no damage. The hound barely misses you.
You hit the hound.
The hound is moderately wounded.
You block the hound's attack. The hound bites you.
You closely miss the hound.
The hound is moderately wounded.
The hound barely misses you. The hound bites you but does no damage.
You closely miss the hound. Your headbutt misses the hound.
The hound is moderately wounded.
The hound bites you but does no damage. x2
You barely miss the hound. You headbutt the hound!
The hound is almost dead.
You block the hound's attack. x2
You slash the hound!
You kill the hound!
No target in view!
You now have 378 gold pieces (gained 6).
t - a scroll labelled VEASISEWES No target in view!
Found a scale mail.
An endoplasm comes into view.
Found a stone staircase leading down.
The endoplasm quivers.
Found a scroll labelled LOECYESUGU.
An orc priest and 2 gnolls come into view.
Found a stone staircase leading down.
The orc priest shouts!
The gnoll shouts!
You hear a shout!
The endoplasm barely misses you.
You slash the endoplasm!
You kill the endoplasm!
An orc comes into view. It is wielding a +0 dagger.
The orc shouts!
An iguana comes into view.
You see here 6 gold pieces.
An orc comes into view. It is wielding a +0 trident.
The orc shouts!
The iguana hisses angrily.
You hear a shout!
The orc priest calls down the wrath of Beogh upon you.
Pain shoots through your body!
An orc priest comes into view. It is wielding a +0 whip of venom.
The gnoll hits you from afar with a +0 spear.
A gnoll comes into view. It is wielding a +0 flail.
The iguana hisses menacingly.
An iguana comes into view.
The orc priest looks braver for a moment.
The gnoll barely misses you. You furiously retaliate!
You headbutt the gnoll! The gnoll hits you but does no damage.
You barely miss the gnoll.
The iguana hisses angrily.
Your headbutt misses the gnoll.
The gnoll is severely wounded.
You barely miss the orc priest.
The gnoll hits you from afar with a +0 spear.
The gnoll hits you but does no damage. The gnoll hits you with a +0 spear.
The gnoll closely misses you. You block the orc's attack.
The orc priest mumbles some strange prayers to Beogh against you.
Beogh smites you!
You barely miss the gnoll.
The gnoll is severely wounded.
You hit the orc priest. You hit the orc but do no damage.
The orc priest invokes the aid of Beogh against you.
Beogh smites you!
* * * LOW HITPOINT WARNING * * *
The gnoll hits you with a +0 spear!
* * * LOW HITPOINT WARNING * * *
The orc hits you with a +0 dagger.
You die...
Your body crumbles into a pile of gold.

...
#....##............#
..... #.##.......###
.....##.###......#
[.......# #.....##
..#.....###....###
##..#..##.8..#.#
#..#..$#.......
#.........8.#
#.......@og.#
.......##go8...#
.....>..#lo....#
#.>......go....#
#...... .l.......
#.... ..........
..........
.#.........


You could see 2 iguanas, 2 orc priests, 3 gnolls and 2 orcs.

Vanquished Creatures
  2 hounds (D:4)
  A sleepcap (D:3)
  An iguana (D:3)
  3 adders (D:3)
  2 dart slugs
  A ribbon worm (D:3)
  An orc (D:3)
  9 endoplasms
  2 giant cockroaches (D:1)
  2 hobgoblins
  2 jackals (D:2)
  3 quokkas
  14 ball pythons
  9 bats
  6 frilled lizards
  8 goblins
  6 kobolds
  4 rats
76 creatures vanquished.

Notes
Turn   | Place    | Note
-------+----------+-------------------------------------------
     0 | D:1      | Flugslaktarn the Minotaur Fighter began the quest for the
                  | Orb.
     0 | D:1      | Reached XP level 1. HP: 19/19 MP: 0/0
   105 | D:1      | Reached XP level 2. HP: 26/27 MP: 1/1
   155 | D:1      | Reached skill level 4 in Fighting
   238 | D:1      | Found a faded altar of an unknown god.
   241 | D:1      | Got Plato's Codex of Enchantment
   575 | D:1      | Reached XP level 3. HP: 32/33 MP: 2/2
   692 | D:1      | You fall into a shaft and drop 1 floor!
   716 | D:2      | Found an opulent altar of Gozag.
   737 | D:2      | Became a worshipper of Gozag Ym Sagoz the Greedy
  1414 | D:3      | Found an ancient bone altar of Kikubaaqudgha.
  1660 | D:3      | Reached XP level 4. HP: 40/41 MP: 3/3
  1823 | D:3      | Reached skill level 5 in Fighting
  1959 | D:3      | Reached XP level 5. HP: 48/48 MP: 4/4
  2526 | D:4      | HP: 2/50 [gnoll/+0 spear (7)]
  2526 | D:4      | Slain by an orc

Illustrated notes

Levels and vault maps discovered:
D:1:      saegor_arrival_simple_e, layout_basic,
          shapermc_ecumenical_altar_rom_forum, st_stairs_5, nrook_loot_triangle
D:2:      layout_rooms, basic_altar
D:3:      minmay_razor_zed, layout_basic, overflow_temple_1_default,
          chequers_serial_rivers_large_a, eino_curves_02
D:4:      layout_cave_pools, tso_metal_star, serial_column_ruins,
          column_ruins_hut_ruined, column_ruins_hut_ruined,
          column_ruins_open_medium, column_ruins_grid_3, column_ruins_grid_1,
          column_ruins_columns_straight, column_ruins_columns_straight,
          minmay_misc_feat_four_crosses, kennysheep_another_room,
          nicolae_figureground_sparkle

Skill      XL: |  1  2  3  4 |
---------------+-------------+-----
Fighting       | 4 5 |  5.7
Axes           | 3 4 |  4.9
Armour         | 4 |  4.7
Shields        | |  3.6

Action                     |  1- 3 |  4- 6 || total
---------------------------+-------+-------++-------
  Melee: War axe           |   100 |    45 ||   145
         Headbutt          |    11 |     7 ||    18
   Stab: Distracted        |     2 |       ||     2
 Armour: Scale mail        |    59 |    37 ||    96
  Dodge: Dodged            |    50 |    24 ||    74
  Block: Buckler           |    25 |    12 ||    37

Table legend: (Time is in decaauts)
 A = Elapsed time spent in this place.
 B = Non-inter-level travel time spent in this place.
 C = Inter-level travel time spent in this place.
 D = Time resting spent in this place.
 E = Time spent auto-exploring this place.
 F = Levels seen in this place.
 G = Mean time per level.
                   A        B        C        D        E       F      G
               +--------+--------+--------+--------+--------+-----+--------+
         Total |   2585 |   2488 |     97 |    108 |   1922 |   4 |  646.2 |
       Dungeon |   2585 |   2488 |     97 |    108 |   1922 |   4 |  646.2 |
               +--------+--------+--------+--------+--------+-----+--------+

Top non-repeatable levels by time:
     D:1: 1025 daAuts
     D:3: 1022 daAuts
     D:2: 392 daAuts
     D:4: 145 daAuts
